 Dungeon Crawl Stone Soup version 0.26-a0-854-gdc81c2f471 (webtiles) character file.

Game seed: 16929978934645760853

565 Zonian the Covert (level 7, -2/31 HPs)
             Began as a Spriggan Brigand on Nov 23, 2020.
             Was an Initiate of Hepliaklqana.
             Killed from afar by an orc wizard (10 damage)
             ... with a magic dart
             ... on level 4 of the Dungeon.
             The game lasted 00:12:05 (6754 turns).

Zonian the Covert (Spriggan Brigand)                Turns: 6754, Time: 00:12:05

Health: -2/31      AC:  4    Str:  7    XL:     7   Next: 10%
Magic:  8/8        EV: 19    Int: 13    God:    Hepliaklqana [......]
Gold:   236        SH:  0    Dex: 19    Spells: 6/6 levels left

rFire    . . .     SeeInvis +   l - +3 short sword (speed)
rCold    . . .     Faith    .   (shield restricted)
rNeg     . . .     Spirit   .   b - +1 robe
rPois    .         Reflect  .   (helmet restricted)
rElec    .         Harm     .   r - +0 cloak {rCorr}
rCorr    +         Rampage  .   (gloves unavailable)
MR       +....                  (boots unavailable)
Stlth    ++++......             (no amulet)
HPRegen  0.10/turn              (no ring)
MPRegen  0.11/turn              (no ring)

@: mighty, very quick
A: very small, unfitting armour, reduced essence, see invisible, speed 3
a: Recall Ancestor, Ancestor Identity, Renounce Religion


You were on level 4 of the Dungeon.
You worshipped Hepliaklqana.
Hepliaklqana was noncommittal.
You visited 2 branches of the dungeon, and saw 5 of its levels.

You collected 236 gold pieces.

Inventory:

Hand Weapons
 a - a +2 dagger
 l - a +3 short sword of speed (weapon)
Missiles
 e - a curare-tipped dart
 h - 5 poisoned darts (quivered)
Armour
 b - a +1 robe (worn)
 c - a +0 cloak
 r - a +0 cloak of preservation (worn)
Jewellery
 j - an uncursed ring of fire
 o - an uncursed ring of fire
Wands
 d - a wand of polymorph (6)
Scrolls
 f - 3 scrolls of fear
 g - 2 scrolls of random uselessness
 i - a scroll of identify
 k - a scroll of fog
 m - 3 scrolls of remove curse
 p - a scroll of enchant armour
Potions
 n - a potion of flight
 s - a potion of mutation


   Skills:
 + Level 2.6 Fighting
 + Level 5.7 Short Blades
 + Level 2.9 Throwing
 + Level 3.8 Dodging
 + Level 8.4 Stealth


You had 6 spell levels left.
You didn't know any spells.
Your spell library was empty.

Dungeon Overview and Level Annotations

Branches:
Dungeon (4/15)             Temple (1/1) D:4

Altars:
Cheibriados
Elyvilon
Gozag
Hepliaklqana
Makhleb
Xom
The Shining One

Annotations:
D:3 Robin


Innate Abilities, Weirdness & Mutations

You are very small and have problems with some larger weapons.
You are too small for most types of armour.
You have supernaturally acute eyesight. (SInv)
You cover ground extremely quickly.
Your life essence is reduced to manifest your ancestor. (-10% HP)


Message History

The orc dies!
The orc hits ICHABOD with a +0 club.
Unknown command.
ICHABOD hits the orc.
The orc completely misses ICHABOD.
ICHABOD hits the orc.
The orc completely misses ICHABOD.
ICHABOD hits the orc priest.
The hound bites you.
* * * LOW HITPOINT WARNING * * *
You barely miss the hound. The hound completely misses you.
You hit the hound but do no damage. The hound bites you but does no damage.
The orc wizard barely misses you.
You hit the hound.
The hound is heavily wounded.
The hound closely misses you.
You feel very mighty all of a sudden. The orc wizard completely misses you.
The hound barely misses you. The orc wizard casts a spell at you.
The magic dart hits you!
You die...

###### #
#oh@.# #
#R##o# #
#.##o#### #
#.#..... #
######o#..##
#.....R)..#
#.#####o.##
#.#####..#
## #.##..
..#


You could see the friendly ICHABOD the ancestor, a hound, an orc priest, an orc
wizard (fast) and an orc.

Vanquished Creatures
  Sigmund (D:3)
  An ogre (D:4)
  An orc priest (D:4)
  Crazy Yiuf (D:4)
  An iguana (D:4)
  Ijyb (D:3)
  5 gnolls
  4 adders
  An ooze (D:1)
  3 worms
  2 dart slugs
  2 leopard geckos (D:1)
  9 orcs
  11 bats
  5 giant cockroaches
  10 goblins
  10 hobgoblins
  12 jackals
  A ball python (D:2)
  A ball python skeleton (D:4)
  6 frilled lizards
  A giant cockroach zombie (D:2)
  A jackal skeleton (D:4)
  7 kobolds
  7 rats
104 creatures vanquished.

Vanquished Creatures (collateral kills)
  An orc (D:4)
1 creature vanquished.

Grand Total: 105 creatures vanquished

Notes
Turn   | Place    | Note
-------+----------+-------------------------------------------
     0 | D:1      | Zonian the Spriggan Brigand began the quest for the Orb.
     0 | D:1      | Reached XP level 1. HP: 10/10 MP: 2/2
    34 | D:1      | Reached skill level 6 in Stealth
   175 | D:1      | Reached XP level 2. HP: 15/15 MP: 3/3
   704 | D:1      | Reached skill level 7 in Stealth
   704 | D:1      | Reached XP level 3. HP: 18/18 MP: 4/4
  2117 | D:3      | Noticed Robin
  2145 | D:2      | Reached XP level 4. HP: 17/23 MP: 5/5
  2398 | D:3      | Noticed Ijyb
  2419 | D:3      | Killed Ijyb
  4057 | D:3      | Noticed Sigmund
  4065 | D:3      | Killed Sigmund
  4066 | D:3      | Reached XP level 5. HP: 26/26 MP: 6/6
  4225 | D:3      | Reached XP level 6. HP: 30/30 MP: 7/7
  4510 | D:3      | Reached skill level 5 in Short Blades
  5076 | D:4      | Reached skill level 8 in Stealth
  5091 | D:4      | Found a staircase to the Ecumenical Temple.
  5793 | D:4      | Found a runed translucent door.
  5794 | D:4      | Noticed Crazy Yiuf
  5820 | D:4      | Killed Crazy Yiuf
  5899 | D:4      | Reached XP level 7. HP: 20/35 MP: 8/8
  5920 | Temple   | Entered the Ecumenical Temple
  6075 | Temple   | Became a worshipper of Hepliaklqana the Forgotten
  6178 | D:4      | Found a shimmering altar of Xom.
  6179 | D:4      | Found a burning altar of Makhleb.
  6180 | D:4      | Found a snail-covered altar of Cheibriados.
  6182 | D:4      | Found a glowing golden altar of the Shining One.
  6184 | D:4      | Found a white marble altar of Elyvilon.
  6754 | D:4      | Killed from afar by an orc wizard

Illustrated notes

Levels and vault maps discovered:
D:1:      minmay_arrival_split_and_join, layout_loops_ring, amethyst_killhole,
          minmay_pentomino_w2
D:2:      layout_loops_ring, chequers_avenue
D:3:      layout_basic, minmay_close_crescents, uniq_ijyb, uniq_sigmund,
          uniq_robin
D:4:      layout_loops_corners, minitemple, minmay_temple_entry_large_hall,
          serial_shops, shop, uniq_crazy_yiuf_cottage
Temple:   minmay_temple_forest_path

Skill      XL: |  1  2  3  4  5  6 |
---------------+-------------------+-----
Stealth        | 6 7 8 |  8.4
Fighting       | 2 |  2.6
Short Blades   | 3 4 5 |  5.7
Dodging        | 3 |  3.8
Throwing       | |  2.9

Action                   |  1- 3 |  4- 6 |  7- 9 || total
-------------------------+-------+-------+-------++-------
Melee: Dagger            |   107 |       |       ||   107
       Short sword       |    49 |   208 |    22 ||   279
Throw: Dart              |       |    29 |       ||    29
Invok: Recall Ancestor   |       |       |     1 ||     1
       Ancestor Identity |       |       |     1 ||     1
  Use: Scroll            |       |    10 |     1 ||    11
       Potion            |       |     1 |     1 ||     2
 Stab: Sleeping          |    18 |     9 |     1 ||    28
       Distracted        |     1 |       |       ||     1
Armor: Robe              |    19 |    15 |     1 ||    35
       Skin              |       |    60 |       ||    60
Dodge: Dodged            |    89 |   108 |    11 ||   208

Table legend: (Time is in decaauts)
 A = Elapsed time spent in this place.
 B = Non-inter-level travel time spent in this place.
 C = Inter-level travel time spent in this place.
 D = Time resting spent in this place.
 E = Time spent auto-exploring this place.
 F = Levels seen in this place.
 G = Mean time per level.
                   A        B        C        D        E       F      G
               +--------+--------+--------+--------+--------+-----+--------+
         Total |   5581 |   5474 |    107 |   2860 |   1770 |   5 | 1116.2 |
       Dungeon |   5424 |   5333 |     91 |   2860 |   1634 |   4 | 1356.0 |
        Temple |    157 |    141 |     16 |      0 |    135 |   1 |  157.0 |
               +--------+--------+--------+--------+--------+-----+--------+

Top non-repeatable levels by time:
     D:2: 2080 daAuts
     D:4: 1277 daAuts
     D:1: 1094 daAuts
     D:3: 972 daAuts
  Temple: 157 daAuts
